 Dungeon Crawl Stone Soup version 0.30-a0-722-g3e6e8c874d (webtiles) character file.

Game seed: 12489923558519976245

23005 IdlyInterested the Slicer (level 12, 0/91 HPs)
             Began as a Demonspawn Fighter on Jan 27, 2023.
             Was a Believer of Ashenzari.
             Slain by a thrashing horror (2 damage)
             ... on level 2 of the Abyss.
             The game lasted 00:56:30 (14919 turns).

IdlyInterested the Slicer (Demonspawn Fighter)     Turns: 14919, Time: 00:56:30

Health: 0/91       AC: 19    Str: 18    XL:     12   Next: 68%
Magic:  21/21      EV: 12    Int: 10    God:    Ashenzari [**....]
Gold:   441        SH: 11    Dex: 22    Spells: 16/23 levels left

rFire   . . .      SeeInvis +    a - +1 rapier
rCold   x . .      Faith    .    U - +0 buckler of the Fated Oblivion {Elem, Cun} (curse)
rNeg    . . .      Spirit   .    P - +6 scale mail "Xesog" {Harm rC- Dex+4 Slay+6}
rPois   .          Reflect  +    (helmet restricted)
rElec   .          Harm     +    K - +1 cloak of the Chained Vision {Bglg, Elem} (curse)
rCorr   +          Rampage  .    S - +0 pair of gloves of the Revealing Planets {Range, Evo} (curse)
Will    .....                    q - +2 pair of boots
Stlth   +++                      M - amulet "Share My Lethargy" {Reflect SH+5, Cun, Self} (curse)
HPRegen 0.35/turn                v - ring of resist corrosion
MPRegen 0.17/turn                s - ring of flight

@: flying
A: horns 1, thin skeletal structure 1, powered by pain 1, demonic magic 2
a: Renounce Religion, Shatter the Chains


You were on level 2 of the Abyss.
You worshipped Ashenzari.
Ashenzari was pleased with you.
You visited 2 branches of the dungeon, and saw 14 of its levels.
You visited the Abyss 1 time.

You collected 738 gold pieces.
You spent 297 gold pieces at shops.

Inventory:

Hand Weapons
 a - a +1 rapier (weapon)
Missiles
 g - 67 stones
 D - a boomerang
 E - 54 poisoned darts (quivered)
 H - 6 curare-tipped darts
 Q - 4 datura-tipped darts
 W - 2 atropa-tipped darts
Armour
 b - a +3 leather armour
 c - a +0 buckler
 q - a +2 pair of boots (worn)
 u - a +2 pair of gloves
 x - a +0 troll leather armour
 K - the cursed +1 cloak of the Chained Vision (worn) {Bglg, Elem}
   (You found it on level 7 of the Dungeon)

   It has a curse which improves the following skills: Beguiling: Conjurations,
   Hexes and Translocations.
   Elements:  Fire Magic, Ice Magic, Air Magic and Earth Magic.
 N - a +0 kite shield
 P - the +6 scale mail "Xesog" (worn) {Harm rC- Dex+4 Slay+6}
   (You found it on level 10 of the Dungeon)

   Dex:       It affects your dexterity (+4).
   Slay:      It affects your accuracy & damage with ranged weapons and melee
   (+6).
   rC:        It makes you vulnerable to cold.
   Harm:      It increases damage dealt and taken.
 S - the cursed +0 pair of gloves of the Revealing Planets (worn) {Range, Evo}
   (You found it on level 11 of the Dungeon)

   It has a curse which improves the following skills: Ranged Combat: Ranged
   Weapons and Throwing.
   Evocations: Evocations.
 T - a +0 kite shield
 U - the cursed +0 buckler of the Fated Oblivion (worn) {Elem, Cun}
   (You found it on level 4 of the Dungeon)

   It has a curse which improves the following skills: Elements: Fire Magic, Ice
   Magic, Air Magic and Earth Magic.
   Cunning:   Dodging and Stealth.
Jewellery
 k - an amulet of guardian spirit
 m - a ring of ice
 s - a ring of flight (right hand)
 v - a ring of resist corrosion (left hand)
 M - the cursed amulet "Share My Lethargy" (around neck) {Reflect SH+5, Cun, Self}
   (You found it on level 8 of the Dungeon)

   [amulet of reflection]

   It reflects blocked missile attacks.
   SH:        It affects your SH (+5).
   It has a curse which improves the following skills: Cunning: Dodging and
   Stealth.
   Introspection: Fighting and Spellcasting.
Wands
 i - a wand of iceblast (4)
 t - a wand of polymorph (1)
 w - a wand of quicksilver (9)
 G - a wand of flame (27)
 V - a wand of mindburst (11)
Scrolls
 f - 5 scrolls of immolation
 p - 5 scrolls of teleportation
 r - 2 scrolls of blinking
 y - a scroll of amnesia
 A - a scroll of torment
 B - a scroll of magic mapping
 C - 2 scrolls of fog
 F - a scroll of fear
 R - a scroll of vulnerability
Potions
 d - 3 potions of might
 e - 2 potions of mutation
 h - 9 potions of curing
 j - 3 potions of attraction
 l - 3 potions of resistance
 n - 6 potions of cancellation
 o - 2 potions of brilliance
 z - a potion of magic
 I - 2 potions of invisibility
 J - a potion of heal wounds
 L - 3 potions of lignification
 O - a potion of haste


   Skills:
 - Level 6.0(7.2) Fighting
 - Level 14.0 Short Blades
 - Level 3.0(4.0) Throwing
 - Level 3.0 Armour
 - Level 3.0(4.6) Dodging
 - Level 3.0(4.6) Stealth
 - Level 6.0 Shields
 - Level 4.8(6.0) Spellcasting
 * Level 9.1(10.3) Translocations
 - Level 3.0(4.1) Evocations


You had 16 spell levels left.
You knew the following spells:

 Your Spells              Type           Power      Damage    Failure   Level
a - Manifold Assault      Tloc           23%        N/A       12%         4
b - Blink                 Tloc           46%        N/A       1%          2
c - Apportation           Tloc           46%        N/A       1%          1

Your spell library contained the following spells:

 Spells                   Type           Power      Damage    Failure   Level
 Lesser Beckoning         Tloc           46%        N/A       1%          2
 Gell's Gravitas          Tloc           23%        N/A       3%          3
 Teleport Other           Tloc           23%        N/A       3%          3
 Momentum Strike          Conj/Tloc      26%        3d8       14%         2
 Kindle Blastsparks       Fire/Tloc/Air  20%        2d11      50%         3
 Iskenderun's Mystic Bla  Conj/Tloc      13%        2d5       67%         4
 Dispersal                Tloc           11%        N/A       87%         6
 Airstrike                Air            1%         2d(1-17)  100%        4
 Fulminant Prism          Conj/Hex       1%         3d5       100%        4
 Summon Lightning Spire   Summ/Air       3%         N/A       100%        4
 Alistair's Intoxication  Tmut/Pois      2%         N/A       100%        5
 Lee's Rapid Deconstruct  Erth           1%         3d4*      100%        5
 Lightning Bolt           Conj/Air       1%         1d12      100%        5
 Storm Form               Tmut/Air       1%         N/A       100%        7


Dungeon Overview and Level Annotations

Branches:
Dungeon (13/15)            Temple (1/1) D:6            Lair (0/5) D:8
    Orc (0/2) D:12         Vaults (0/5) D:13

Altars:
Ashenzari
Cheibriados
Dithmenos
Fedhas
Gozag
Hepliaklqana
Kikubaaqudgha
Makhleb
Nemelex Xobeh
Okawaru
Qazlal
Ru
Sif Muna
Trog
Uskayaw
Vehumet
Wu Jian
Xom
Yredelemnul

Shops:
D:5 *?*[


Innate Abilities, Weirdness & Mutations

You have a pair of small horns on your head.
You have a somewhat thin skeletal structure. (Dex +2, Stealth+)
You sometimes gain a little power by taking damage.
Spells you cast may paralyse nearby enemies.


Message History

You block the thrashing horror's attack.
The thrashing horror tramples you but does no damage.
The thrashing horror tramples you!
* * * LOW HITPOINT WARNING * * *
You hold your ground!
The thrashing horror tramples you.
* * * LOW HITPOINT WARNING * * *
You hold your ground!
You puncture the thrashing horror!
The thrashing horror is moderately damaged.
You hit the thrashing horror. You headbutt the thrashing horror.
The thrashing horror is heavily damaged.
The thrashing horror closely misses you.
You block the thrashing horror's attack.
You puncture the thrashing horror! You headbutt the thrashing horror!
The thrashing horror is almost destroyed.
The thrashing horror tramples you!
* * * LOW HITPOINT WARNING * * *
You hold your ground!
The thrashing horror misses you.
You puncture the thrashing horror!
You destroy the thrashing horror!
Your base Translocations skill increases to level 9!
You completely miss the thrashing horror.
The thrashing horror tramples you but does no damage.
The thrashing horror barely misses you.
You puncture the thrashing horror!
The thrashing horror is moderately damaged.
The thrashing horror tramples you but does no damage.
The thrashing horror tramples you.
* * * LOW HITPOINT WARNING * * *
You hold your ground!
The thrashing horror tramples you.
* * * LOW HITPOINT WARNING * * *
You hold your ground!
You block the thrashing horror's attack.
You puncture the thrashing horror! You headbutt the thrashing horror.
The thrashing horror is severely damaged.
You closely miss the thrashing horror.
The thrashing horror is severely damaged.
The thrashing horror tramples you but does no damage.
The thrashing horror tramples you.
You die...

, .... ...
... . . .
.. ......
.. ... .. .
. *#..##..#
.. .
...##..##..
# .# ..##
#* ....
..3... . ..
. . . .....
.5.... . .
, #. ##.
##.3.# .#..
. * ,, #
##.. #.
##### . # ,
, ..
5..#@#*.,,
.. ,, . .
.,.{#X## .
. . . #
.##55## *
#, . .
#.#### ' #
# .
......## ,
.. .. ..
... **, ,.
. * ,##.#**
.., . , . ,
.. #,** # #
.. , # *, .


You could see a thrashing horror and 2 ufetubi.

Vanquished Creatures
  Nessos (D:13)
  4 centaur warriors (D:13)
  2 two-headed ogres
  2 thrashing horrors (Abyss:2)
  Sonja (D:11)
  3 skeletal warriors (D:12)
  The ghost of Darius099 the Grappler, a novice TrMo (D:6)
  A deep elf pyromancer (D:13)
  A cyclops (D:13)
  An unseen horror (D:12)
  A kobold demonologist (D:11)
  A komodo dragon (D:11)
  3 meliai (D:13)
  5 trolls
  A meliai (shapeshifter) (D:13)
  7 raiju (Abyss:2)
  5 flying skulls (Abyss:2)
  Sigmund (D:5)
  4 shadows
  2 vampires
  6 yaks
  7 wyverns
  Grum (D:11)
  2 basilisks (D:12)
  2 steam dragons
  Menkaure (D:7)
  Edmund (D:5)
  4 acid dragons
  7 water moccasins
  A swamp drake (D:12)
  An orc warrior (D:10)
  A sky beast (D:8)
  2 ice beasts (D:5)
  3 black bears (D:8)
  5 wolves
  2 centaurs
  6 ogres
  2 phantoms (D:7)
  8 kobold brigands
  5 bullfrogs
  3 gnoll sergeants
  3 scorpions
  5 killer bees
  2 howler monkeys
  A jelly (D:4)
  An orc priest (D:11)
  5 hounds
  A scorpion zombie (D:3)
  3 iguanas
  6 orc wizards
  19 gnolls
  5 adders
  2 shadow imps
  2 white imps (D:7)
  An ufetubus (D:6)
  2 worms (D:2)
  An adder zombie (D:3)
  3 dart slugs
  18 orcs
  8 endoplasms
  2 giant cockroaches
  6 goblins
  6 hobgoblins
  5 jackals
  35 kobolds
  5 quokkas
  6 ball pythons
  A ball python zombie (D:3)
  4 bats
  4 frilled lizards
  A giant cockroach zombie (D:3)
  7 rats
287 creatures vanquished.

Vanquished Creatures (others)
  A troll (D:8)
  A gnoll (D:12)
  3 fungi (D:8)
  14 plants (D:8)
19 creatures vanquished.

Grand Total: 306 creatures vanquished

Notes
Turn   | Place    | Note
-------+----------+-------------------------------------------
     0 | D:1      | IdlyInterested the Demonspawn Fighter began the quest for
                  | the Orb.
     0 | D:1      | Reached XP level 1. HP: 18/18 MP: 1/1
    67 | D:1      | Reached skill level 2 in Short Blades
   108 | D:1      | Gained mutation: You have a somewhat thin skeletal
                  | structure. (Dex +2, Stealth+) [demonic ancestry]
   108 | D:1      | Reached XP level 2. HP: 24/24 MP: 2/2
   237 | D:1      | Reached skill level 1 in Dodging
   895 | D:1      | Reached XP level 3. HP: 24/29 MP: 3/3
  1336 | D:2      | Reached skill level 3 in Short Blades
  1854 | D:2      | Reached XP level 4. HP: 32/35 MP: 4/4
  2491 | D:3      | Noticed an ogre
  2501 | D:3      | Killed an ogre
  2502 | D:3      | Reached skill level 4 in Short Blades
  2502 | D:3      | Gained mutation: You sometimes gain a little power by
                  | taking damage. [demonic ancestry]
  2502 | D:3      | Reached XP level 5. HP: 37/41 MP: 5/5
  2825 | D:3      | Found a burning altar of Makhleb.
  2943 | D:3      | Found a basalt altar of Yredelemnul.
  3156 | D:3      | Found a faded altar of an unknown god.
  3512 | D:4      | Found an ornate altar of the Wu Jian Council.
  3710 | D:4      | Noticed a steam dragon
  3735 | D:4      | Killed a steam dragon
  3736 | D:4      | Reached skill level 5 in Short Blades
  3736 | D:4      | Reached XP level 6. HP: 22/47 MP: 2/6
  4573 | D:5      | Entered Level 5 of the Dungeon
  4626 | D:5      | Found Tykay's Magic Scroll Shop.
  4660 | D:5      | Found Paish's General Store.
  4677 | D:5      | Noticed a water moccasin
  4687 | D:5      | Killed a water moccasin
  4688 | D:5      | Reached skill level 6 in Short Blades
  4688 | D:5      | Reached XP level 7. HP: 26/52 MP: 5/7
  5050 | D:5      | Found Zaisox's General Store.
  5365 | D:5      | Reached skill level 1 in Stealth
  5550 | D:5      | Noticed Edmund
  5581 | D:5      | Killed Edmund
  5582 | D:5      | Reached skill level 7 in Short Blades
  5672 | D:5      | Noticed Sigmund
  5680 | D:5      | Killed Sigmund
  5681 | D:5      | Gained mutation: You have a pair of small horns on your
                  | head. [demonic ancestry]
  5681 | D:5      | Reached XP level 8. HP: 58/58 MP: 8/8
  5865 | D:5      | Found Luid's Armour Boutique.
  5876 | D:5      | Reached skill level 8 in Short Blades
  6203 | D:5      | Bought a potion of magic for 96 gold pieces
  6221 | D:5      | Bought a scroll of torment for 95 gold pieces
  6221 | D:5      | Bought a scroll of fog for 40 gold pieces
  6237 | D:5      | Bought a potion of degeneration for 12 gold pieces
  6350 | D:6      | Found a shimmering blue altar of Sif Muna.
  6352 | D:6      | Found a shimmering altar of Xom.
  6480 | D:6      | Noticed a troll
  6483 | D:6      | Reached skill level 1 in Evocations
  6492 | D:6      | Killed a troll
  6841 | D:6      | Found a staircase to the Ecumenical Temple.
  6852 | Temple   | Entered the Ecumenical Temple
  7044 | D:6      | Reached skill level 9 in Short Blades
  7127 | D:6      | Identified the +6 great mace of Shame {flame, Fragile rPois
                  | rF+ Dex+3}
  7127 | D:6      | Noticed Darius099's ghost (novice TrMo)
  7138 | D:6      | Found a transporter.
  7139 | D:6      | Found a transporter.
  7369 | D:6      | Killed Darius099's ghost
  7370 | D:6      | Reached XP level 9. HP: 29/63 MP: 4/9
  7388 | D:6      | Reached skill level 10 in Short Blades
  7570 | D:5      | Bought a +0 pair of boots for 54 gold pieces
  8115 | D:7      | Noticed a troll
  8119 | D:7      | Killed a troll
  8158 | D:7      | Noticed Menkaure
  8164 | D:7      | Killed Menkaure
  8186 | D:7      | Reached skill level 11 in Short Blades
  8382 | D:6      | Found an ancient bone altar of Kikubaaqudgha.
  8866 | D:8      | Gained mutation: Spells you cast may paralyse adjacent
                  | enemies. [demonic ancestry]
  8866 | D:8      | Reached XP level 10. HP: 71/73 MP: 10/10
  8878 | D:8      | Learned a level 4 spell: Manifold Assault
  8963 | D:8      | Found a staircase to the Lair.
  9007 | D:8      | Reached skill level 5 in Fighting
  9159 | D:8      | Identified the +10 hand axe "Busaewk" {chaos, Int+6}
  9255 | D:8      | Reached skill level 12 in Short Blades
 10309 | D:9      | Found a sacrificial altar of Ru.
 10563 | D:10     | Entered Level 10 of the Dungeon
 10564 | D:10     | Identified the +6 scale mail "Xesog" {Harm rC- Dex+4
                  | Slay+6}
 10729 | D:10     | Reached skill level 13 in Short Blades
 10838 | D:10     | Gained mutation: Spells you cast may paralyse nearby
                  | enemies. [demonic ancestry]
 10838 | D:10     | Reached XP level 11. HP: 81/81 MP: 11/11
 11246 | D:10     | Found a blossoming altar of Fedhas.
 11315 | D:10     | Noticed a two-headed ogre
 11326 | D:10     | Killed a two-headed ogre
 11354 | D:10     | Found an iron altar of Okawaru.
 11587 | D:10     | Found a broken altar of Ashenzari.
 11588 | D:10     | Found a sparkling altar of Nemelex Xobeh.
 11589 | D:10     | Found a snail-covered altar of Cheibriados.
 11620 | D:10     | Became a worshipper of Ashenzari the Shackled
 11710 | D:11     | Noticed Sonja
 11723 | D:11     | Killed Sonja
 11729 | D:11     | Reached skill level 5 in Shields
 12225 | D:11     | Noticed Grum
 12250 | D:11     | Killed Grum
 12468 | D:11     | Reached skill level 14 in Short Blades
 12793 | D:12     | Noticed a two-headed ogre
 12802 | D:12     | Killed a two-headed ogre
 12803 | D:12     | Reached skill level 1 in Translocations
 12906 | D:12     | Found a staircase to the Orcish Mines.
 12911 | D:12     | Noticed a skeletal warrior
 12926 | D:12     | Killed a skeletal warrior
 12927 | D:12     | Reached skill level 1 in Spellcasting
 13447 | D:12     | Reached * piety under Ashenzari
 13550 | D:12     | Noticed a skeletal warrior
 13550 | D:12     | Noticed a skeletal warrior
 13576 | D:12     | Killed a skeletal warrior
 13601 | D:12     | Killed a skeletal warrior
 13932 | D:13     | Reached skill level 5 in Translocations
 14109 | D:13     | Learned a level 2 spell: Blink
 14111 | D:13     | Learned a level 1 spell: Apportation
 14121 | D:13     | Noticed a centaur warrior
 14131 | D:13     | Killed a centaur warrior
 14132 | D:13     | Reached XP level 12. HP: 86/88 MP: 15/17
 14171 | D:13     | Noticed Nessos
 14179 | D:13     | Killed Nessos
 14195 | D:13     | Reached ** piety under Ashenzari
 14217 | D:13     | Noticed a centaur warrior
 14225 | D:13     | Killed a centaur warrior
 14269 | D:13     | Noticed a centaur warrior
 14284 | D:13     | Killed a centaur warrior
 14457 | D:13     | Noticed a centaur warrior
 14465 | D:13     | Killed a centaur warrior
 14712 | D:13     | Found a gate to the Vaults.
 14713 | Abyss:2  | Cast into level 2 of the Abyss (a wizard)
 14917 | Abyss:2  | HP: 3/91 [thrashing horror (6)]
 14917 | Abyss:2  | HP: 1/91 [thrashing horror (2)]
 14919 | Abyss:2  | Slain by a thrashing horror

Illustrated notes

Levels and vault maps discovered:
D:1:      minmay_arrival_plants_in_alcoves, layout_basic, minivault_26
D:2:      layout_basic
D:3:      layout_loops_cross, nicolae_yredelemnul_corpse_copse,
          mainiacjoe_overflow_alcove_2, hellmonk_ecumenical_altar_inner_sanctum,
          minmay_fractal_squares_diagonal_5
D:4:      layout_cave_pods, nzn_wu_jian_council_hall
D:5:      layout_gridville, amcnicky_altar_gilded, serial_shops,
          nicolae_shop_hallway_stairs, nicolae_shop_stone,
          nicolae_lakefront_shop, nicolae_take_the_stairs,
          sigmund_edmund_badplayer
D:6:      layout_loops_corners, nicolae_overflow_hidden_temple,
          minmay_temple_entry_junction, gammafunk_ghost_smash
D:7:      layout_basic, uniq_menkaure
D:8:      layout_basic, minmay_lair_entry_grove, kennysheep_generic_room_11
D:9:      layout_cross, lemuel_round_altar
D:10:     layout_irregular_city, mainiacjoe_overflow_alcove_3,
          mainiacjoe_overflow_cross_hatched, minmay_puff
D:11:     layout_rooms, serial_curves, eino_curves_01, eino_curves_01,
          eino_curves_02, uniq_grum, uniq_sonja
D:12:     layout_irregular_city, orc_0_dummy
D:13:     layout_cave_pools, david_vaults_1, serial_park_tiny_pond, uniq_nessos
Temple:   nicolae_temple_bog_church
Abyss:2:  base: D:6, bh_silent_lugonu_exit, minivault_26

Skill      XL: |  1  2  3  4  5  6  7  8  9 10 11 12 |
---------------+-------------------------------------+-----
Short Blades   | 2 3 4 5 6 7 9 11 13 14 | 14.0
Dodging        | 1 2 3 |  3.0
Armour         | 3 |  3.0
Stealth        | 2 3 |  3.0
Evocations     | 3 |  3.0
Throwing       | 2 3 |  3.0
Fighting       | 4 6 |  6.0
Shields        | 4 6 |  6.0
Translocations | 5 9 |  9.1
Spellcasting   | 3 4 |  4.8

Action                     |  1- 3 |  4- 6 |  7- 9 | 10-12 || total
---------------------------+-------+-------+-------+-------++-------
  Melee: Rapier            |   146 |   190 |   283 |   667 ||  1286
         Headbutt          |       |       |    39 |   177 ||   216
  Throw: Stone             |     4 |    10 |    12 |       ||    26
         Dart              |       |       |       |    28 ||    28
         Boomerang         |       |       |       |    13 ||    13
 Invoke: Curse Item        |       |       |       |     4 ||     4
  Evoke: Wand              |       |     6 |     8 |     9 ||    23
    Use: Scroll            |     2 |     7 |     6 |     7 ||    22
         Potion            |       |     2 |     3 |     1 ||     6
   Stab: Sleeping          |       |     2 |    11 |     4 ||    17
         Distracted        |       |       |       |     1 ||     1
         Confused          |       |       |       |     1 ||     1
 Armour: Scale mail        |    54 |    20 |       |   120 ||   194
         Ring mail         |       |    29 |    32 |       ||    61
         Troll leather arm |       |       |    30 |    54 ||    84
  Dodge: Dodged            |    52 |    77 |    92 |   198 ||   419
  Block: Buckler           |    27 |    41 |    53 |    97 ||   218
         Kite shield       |       |       |       |   324 ||   324
         Reflection        |       |       |       |    15 ||    15

Table legend: (Time is in decaauts)
 A = Elapsed time spent in this place.
 B = Non-inter-level travel time spent in this place.
 C = Inter-level travel time spent in this place.
 D = Time resting spent in this place.
 E = Time spent auto-exploring this place.
 F = Levels seen in this place.
 G = Mean time per level.
                   A        B        C        D        E       F      G
               +--------+--------+--------+--------+--------+-----+--------+
         Total |  14704 |  12905 |   1799 |   1943 |   7396 |  15 |  980.3 |
       Dungeon |  14338 |  12550 |   1788 |   1943 |   7152 |  13 | 1102.9 |
        Temple |    191 |    180 |     11 |      0 |    167 |   1 |  191.0 |
         Abyss |    173 |    173 |      0 |      0 |     77 |   1 |  173.0 |
               +--------+--------+--------+--------+--------+-----+--------+

Top non-repeatable levels by time:
     D:5: 1597 daAuts
     D:6: 1465 daAuts
     D:4: 1366 daAuts
    D:10: 1275 daAuts
    D:12: 1274 daAuts
     D:1: 1260 daAuts
     D:8: 1213 daAuts
     D:2: 1197 daAuts
     D:3: 834 daAuts
    D:11: 789 daAuts
     D:7: 729 daAuts
     D:9: 721 daAuts
    D:13: 613 daAuts
  Temple: 191 daAuts
 Abyss:2: 173 daAuts
